 Dungeon Crawl Stone Soup version 0.28-a0-769-g550dbda0cd (webtiles) character file.

Game seed: 3125529834720122879

1290 lorenzova the Thaumaturge (level 8, -2/41 HPs)
             Began as a Deep Elf Conjurer on Oct 31, 2021.
             Was an Initiate of Vehumet.
             Slain by a wraith (12 damage)
             ... on level 7 of the Dungeon.
             The game lasted 00:14:01 (6457 turns).

lorenzova the Thaumaturge (Deep Elf Conjurer)       Turns: 6457, Time: 00:14:01

Health: -2/41      AC:  4    Str:  4    XL:     8   Next: 30%
Magic:  15/23      EV: 12    Int: 26    God:    Vehumet [......]
Gold:   141        SH:  0    Dex: 13    Spells: 9/25 levels left

rFire   . . .      SeeInvis +   u - +3 great sword (holy)
rCold   . . .      Faith    .   (shield currently unavailable)
rNeg    . . .      Spirit   .   a - +1 robe
rPois   .          Reflect  .   (no helmet)
rElec   .          Harm     .   (no cloak)
rCorr   .          Rampage  .   (no gloves)
Will    +....                   g - +0 pair of boots
Stlth   ++........              (no amulet)
HPRegen 0.13/turn               o - ring of see invisible
MPRegen 0.18/turn               l - ring of willpower

@: slowed, studying Dodging, very slow
A: no striking features
a: Renounce Religion


You were on level 7 of the Dungeon.
You worshipped Vehumet.
Vehumet was noncommittal.
You visited 2 branches of the dungeon, and saw 9 of its levels.
You also visited: Sewer.

You collected 141 gold pieces.

Inventory:

Hand Weapons
 u - a +3 great sword of holy wrath (weapon)
Missiles
 h - 3 throwing nets
Armour
 a - a +1 robe (worn)
 g - a +0 pair of boots (worn)
Magical Staves
 x - a staff of fire
Jewellery
 k - a ring of resist corrosion
 l - a ring of willpower (right hand)
 o - a ring of see invisible (left hand)
Wands
 q - a wand of polymorph (6)
 r - a wand of flame (19)
 s - a wand of iceblast (7)
Scrolls
 m - 3 scrolls of fear
 n - a scroll of enchant armour
 v - 2 scrolls of teleportation {unknown}
Potions
 b - 2 potions of attraction
 c - a potion of might
 d - a potion of experience {unknown}
 e - 2 potions of berserk rage
 f - a potion of lignification
 i - a potion of brilliance
 j - a potion of resistance
 p - a potion of curing {unknown}
 t - a potion of cancellation {unknown}
 w - a potion of degeneration {unknown}


   Skills:
 - Level 2.4 Dodging
 - Level 2.4 Stealth
 * Level 9.1 Spellcasting
 * Level 8.5 Conjurations
 + Level 3.2 Hexes
 + Level 2.7 Translocations


You had 9 spell levels left.
You knew the following spells:

 Your Spells              Type           Power      Damage    Failure   Level
a - Magic Dart            Conj           100%       1d8       1%          1
b - Searing Ray           Conj           100%       2d8       1%          2
c - Iskenderun's Mystic   Conj/Tloc      41%        2d9       4%          4
d - Fulminant Prism       Conj/Hex       21%        3d13      4%          4
e - Iskenderun's Battles  Conj           54%        2d10      4%          5

Your spell library contained the following spells:

 Spells                   Type           Power      Damage    Failure   Level
 Dazzling Flash           Conj/Hex       84%        N/A       1%          3
 Freeze                   Ice            44%        1d6       4%          1
 Mephitic Cloud           Conj/Pois/Air  26%        N/A       4%          3
 Call Imp                 Summ           11%        N/A       8%          2
 Sublimation of Blood     Necr           5%         N/A       8%          2
 Wereblood                Tmut           11%        N/A       8%          2
 Hailstorm                Conj/Ice       34%        3d9       9%          4
 Frozen Ramparts          Ice            22%        1d4       16%         3
 Iron Shot                Conj/Erth      17%        9d4       80%         6
 Spellforged Servitor     Conj/Summ      17%        N/A       100%        7
 Summon Hydra             Summ           5%         N/A       100%        7


Dungeon Overview and Level Annotations

Branches:
Dungeon (8/15)             Temple (1/1) D:4           Sewer (visited)
   Lair: D:8-11

Altars:
Ashenzari
Cheibriados
Dithmenos
Elyvilon
Hepliaklqana
Nemelex Xobeh
Okawaru
Ru
Sif Muna
Trog
Uskayaw
Vehumet
Xom
Yredelemnul
Zin

Shops:
D:1 ?   D:2 :[(

Annotations:
D:7 2 runed translucent doors


Message History

(Press . to maintain the ray.) Unknown command.
The searing ray hits the wraith.
The wraith is lightly damaged.
The wraith hits you. The wraith drains your vigour!
You feel yourself slow down.
The searing ray hits the wraith.
The wraith is moderately damaged.
The wraith closely misses you.
The searing ray hits the wraith.
The wraith is moderately damaged.
You finish channelling your searing ray.
The wraith hits you! The wraith drains your vigour!
You feel as though you will be slow longer.
The wraith closely misses you.
Casting: Searing Ray (safe; 1% risk of failure)
Confirm with . or Enter, or press ? or * to list all spells.
Aiming: Searing Ray (safe; 1% risk of failure)
Press: ? - help, Shift-Dir - straight line, f/p - wraith
Aim: a wraith (moderately damaged, 83% to hit)
The searing ray hits the wraith but does no damage.
The wraith is moderately damaged. (Press . to maintain the ray.)
The wraith hits you! The wraith drains your vigour!
You feel as though you will be slow longer.
The searing ray hits the wraith but does no damage.
The wraith is moderately damaged.
The wraith misses you. x2
The searing ray hits the wraith.
The wraith is heavily damaged.
The wraith barely misses you.
The searing ray hits the wraith.
The wraith is heavily damaged.
You finish channelling your searing ray.
The wraith hits you!
* * * LOW HITPOINT WARNING * * *
The wraith hits you.
* * * LOW HITPOINT WARNING * * *
The wraith hits you!
You die...

######
#..##....#
#..#W#.##)#
##.#
#..#@#..#
...#
#..#.###..
####
#..#.#.##:#
#####
#..##.#.###
....#
#...###'#
###.#
####.#.....#
# #.#
#.........##
###.#
#.##.###..#
..#.# #....#
#..+.T...


You could see a wraith.

Vanquished Creatures
  A steam dragon (D:7)
  3 black bears (D:5)
  A sky beast (D:6)
  A centaur (D:6)
  A phantom (D:5)
  2 bullfrogs (Sewer)
  2 scorpions
  2 centaur zombies
  A centaur skeleton (D:7)
  A hound (D:5)
  Terence (D:2)
  A scorpion zombie (D:5)
  A hound skeleton (D:5)
  A howler monkey zombie (D:5)
  3 gnolls (D:3)
  7 adders
  A river rat (D:5)
  2 ufetubi
  An adder skeleton (D:4)
  3 worms (D:5)
  3 dart slugs
  4 orcs
  7 endoplasms
  9 giant cockroaches
  7 goblins
  4 hobgoblins
  3 quokkas
  7 ball pythons
  8 bats
  9 frilled lizards
  7 kobolds
  9 rats
113 creatures vanquished.

Vanquished Creatures (others)
  2 plants (D:1)
2 creatures vanquished.

Grand Total: 115 creatures vanquished

Notes
Turn   | Place    | Note
-------+----------+-------------------------------------------
     0 | D:1      | lorenzova the Deep Elf Conjurer began the quest for the
                  | Orb.
     0 | D:1      | Reached XP level 1. HP: 10/10 MP: 6/6
    29 | D:1      | Found Ahihubao's Magic Scroll Emporium.
   255 | D:1      | Reached XP level 2. HP: 15/15 MP: 6/8
   258 | D:1      | Learned a level 2 spell: Searing Ray
   764 | D:1      | Found a faded altar of an unknown god.
  1120 | D:2      | Reached skill level 4 in Spellcasting
  1123 | D:2      | Reached skill level 5 in Conjurations
  1123 | D:2      | Reached XP level 3. HP: 19/19 MP: 2/10
  1224 | D:2      | Noticed Terence
  1447 | D:2      | Found Mopacluc's Antique Armour Boutique.
  1482 | D:2      | Found Tedalam's Book Emporium.
  1572 | D:2      | Killed Terence
  1573 | D:2      | Reached XP level 4. HP: 24/24 MP: 1/12
  1799 | D:2      | Found Wioniu's Weapon Shoppe.
  2104 | D:3      | Reached skill level 5 in Spellcasting
  2411 | D:3      | Reached XP level 5. HP: 28/28 MP: 1/14
  3260 | D:4      | Found a staircase to the Ecumenical Temple.
  3285 | Temple   | Entered the Ecumenical Temple
  3686 | D:5      | Entered Level 5 of the Dungeon
  3763 | D:5      | Noticed a black bear
  3763 | D:5      | Noticed a black bear
  3763 | D:5      | Noticed a black bear
  3763 | D:5      | Found a bloodstained altar of Trog.
  3806 | D:5      | Reached skill level 6 in Spellcasting
  3811 | D:5      | Reached XP level 6. HP: 32/32 MP: 9/17
  3909 | D:5      | Found a snail-covered altar of Cheibriados.
  4068 | D:5      | Found a glowing drain.
  4073 | Sewer    | Entered a sewer
  4515 | Sewer    | Reached skill level 7 in Spellcasting
  5173 | D:5      | Reached XP level 7. HP: 31/36 MP: 11/20
  5217 | D:5      | Learned a level 4 spell: Iskenderun's Mystic Blast
  5222 | D:5      | Learned a level 4 spell: Fulminant Prism
  5252 | D:5      | Reached skill level 1 in Hexes
  5382 | D:5      | Reached skill level 8 in Spellcasting
  5382 | D:5      | Reached skill level 1 in Translocations
  5810 | D:6      | Reached XP level 8. HP: 19/41 MP: 9/22
  6122 | D:6      | You fall into a shaft and drop 2 floors!
  6158 | D:8      | Learned a level 5 spell: Iskenderun's Battlesphere
  6208 | D:7      | Found a radiant altar of Vehumet.
  6221 | D:7      | Became a worshipper of Vehumet
  6329 | D:7      | Reached skill level 9 in Spellcasting
  6392 | D:7      | Found a large runed translucent door.
  6394 | D:7      | Found a large runed translucent door.
  6397 | D:7      | Noticed a troll
  6457 | D:7      | Slain by a wraith

Illustrated notes

Levels and vault maps discovered:
D:1:      mainiacjoe_arrival_reflecting_pool, layout_loops_ring, serial_shops,
          shop, shapermc_ecumenical_altar_flowoftime, hangedman_decor_push,
          chequers_decorated_corner
D:2:      kennysheep_big_flooded_room, layout_loops_cross, serial_shops,
          nicolae_shop_waterfront, nicolae_shop_waterfront,
          nicolae_shop_waterfront, uniq_terence
D:3:      minmay_door_path, layout_rooms, minmay_misc_feat_rugged
D:4:      layout_rooms, minmay_temple_entry_hall
D:5:      layout_rooms, trog_ov_bears_minmay, slow_altar_1,
          lightli_sewer_entry_pipes
D:6:      layout_loops_corners, mainiacjoe_overflow_swirl, tso_altar,
          serial_shops, nicolae_square_shop, minmay_manual_mares,
          uniq_crazy_yiuf_cottage
D:7:      layout_loops_corners, fiery_altar_vehumet, serial_shops,
          shop_fountains, minmay_hollow_rounded_squares
D:8:      layout_basic, gammafunk_ghost_arena
Temple:   nicolae_temple_x_marks_the_god

Skill      XL: |  1  2  3  4  5  6  7  8 |
---------------+-------------------------+-----
Spellcasting   | 4 5 6 7 8 9 |  9.1
Conjurations   | 5 6 7 8 |  8.5
Hexes          | 2 3 |  3.2
Translocations | 2 |  2.7
Dodging        | |  2.4
Stealth        | |  2.4

Action                   |  1- 3 |  4- 6 |  7- 9 || total
-------------------------+-------+-------+-------++-------
Melee: Unarmed           |     1 |     2 |       ||     3
 Cast: Magic Dart        |    53 |   105 |    22 ||   180
       Searing Ray       |     3 |    16 |    16 ||    35
  Use: Scroll            |       |     9 |     2 ||    11
Armor: Robe              |       |     4 |     5 ||     9
Dodge: Dodged            |     4 |    29 |    22 ||    55

Table legend: (Time is in decaauts)
 A = Elapsed time spent in this place.
 B = Non-inter-level travel time spent in this place.
 C = Inter-level travel time spent in this place.
 D = Time resting spent in this place.
 E = Time spent auto-exploring this place.
 F = Levels seen in this place.
 G = Mean time per level.
                   A        B        C        D        E       F      G
               +--------+--------+--------+--------+--------+-----+--------+
         Total |   6579 |   6245 |    334 |   2581 |   2697 |  10 |  657.9 |
       Dungeon |   5478 |   5153 |    325 |   2037 |   2259 |   8 |  684.8 |
        Temple |     62 |     53 |      9 |      0 |     40 |   1 |   62.0 |
         Sewer |   1038 |   1038 |      0 |    544 |    398 |   1 | 1038.0 |
               +--------+--------+--------+--------+--------+-----+--------+

Top non-repeatable levels by time:
   Sewer: 1038 daAuts
     D:1: 1031 daAuts
     D:2: 1019 daAuts
     D:3: 973 daAuts
     D:5: 842 daAuts
     D:4: 738 daAuts
     D:6: 535 daAuts
     D:7: 252 daAuts
     D:8: 85 daAuts
  Temple: 62 daAuts
